AoeStats
← [HOBO]Drifter

MegaRandom

509431393Analyzed
4v4 RM · 6d ago on Sep 26, 2026· 22m 33s· 8 players
Game mode
Random Map
Map size
Large (8 player)
Population
200
Speed
Normal
Resources
Standard
Victory
Conquest
Starting age
Dark Age
Ending age
Imperial Age
RankedLock teamsTeams togetherTeam positionsShared explorationLock speedFull tech treeHidden civsTurbo modeCheats
Victory
Defeat
🇦🇹 Turks · Austria
1274
+16
🇷🇴 Poles · Romania
1263
+16
🇨🇳 Gurjaras · China
1238
+17
🇫🇷 Italians · France
1198
+19
🇬🇧 Maya · United Kingdom
1292
-18
🇦🇷 Bohemians · Argentina
1287
-18
🇺🇸 Huns · United States
1273
-17
🇮🇳 Inca · India
1216
-15
Sageata
7:42 Loom
9:48 Feudal Age
10:33 Double-Bit Axe
10:32 Horse Collar
16:24 Scale Barding Armor
21:45 Castle Age
22:11 Forging
22:59 Chain Barding Armor
23:09 Bow Saw
Dingodan
6:53 Loom
11:15 Feudal Age
12:00 Town Watch
15:56 Castle Age
13:48 Double-Bit Axe
17:21 Bow Saw
JoN
8:14 Loom
9:59 Feudal Age
12:15 Double-Bit Axe
12:31 Gold Mining
15:32 Wheelbarrow
15:16 Padded Archer Armor
15:06 Fletching
22:11 Castle Age
21:03 Horse Collar
22:33 Crossbowman
myth大帝110110110
6:49 Loom
9:28 Feudal Age
13:24 Castle Age
11:33 Double-Bit Axe
14:31 Bow Saw
jaishanzaman
7:45 Loom
10:37 Feudal Age
12:59 Fletching
22:39 Castle Age
[HOBO]Drifter
10:21 Feudal Age
11:44 Double-Bit Axe
12:53 Horse Collar
14:07 Bloodlines
SKULLBLAZER
10:56 Feudal Age
15:28 Castle Age
13:46 Double-Bit Axe
20:05 Loom
22:50 Fletching
MatRm10
9:09 Loom
11:11 Feudal Age
15:33 Castle Age
14:01 Double-Bit Axe
16:00 Horse Collar
16:31 Bow Saw
21:02 Squires
Connection lost

Rejoining the realm…

Still unreachable

The connection could not be restored.

Session expired

The server has moved on; the page needs a fresh start.